 Dungeon Crawl Stone Soup version 0.18.1-50-g88ac8fd (webtiles) character file.

83823 nikopol the Severer (level 15, 0/136 HPs)
             Began as a Minotaur Berserker on Sept 17, 2016.
             Was the Champion of Trog.
             Slain by a sixfirhy (7 damage)
             ... summoned by an orc high priest
             ... on level 2 of the Orcish Mines.
             The game lasted 01:19:40 (26094 turns).

nikopol the Severer (Minotaur Berserker)           Turns: 26094, Time: 01:19:41

Health: 0/136      AC: 24    Str: 27    XL:     15   Next: 33%
Magic:  14/14      EV: 12    Int:  7    God:    Trog [******]
Gold:   2605       SH:  5    Dex: 16    Spells: 0 memorised, 14 levels left

rFire  + . .     SeeInvis .     a - +3 broad axe (chop)
rCold  + . .     Gourm    .     h - +0 gold dragon armour
rNeg   . . .     Faith    .     (no shield)
rPois  +         Spirit   .     (helmet restricted)
rElec  .         Dismiss  .     s - +0 cloak of the Vestibule of Hell {Regen+ Str+5 Int+3 Stlth-}
rCorr  +         Reflect  +     (no gloves)
SustAt .         Harm     .     Z - +2 pair of boots {run}
MR     ++...                    G - +5 amulet of reflection
Stlth  ..........               A - ring of protection from magic
                                e - ring of resist corrosion

@: exhausted, slowed, drained, very slow, very resistant to hostile
enchantments, extremely unstealthy
A: retaliatory headbutt, horns 2
a: Berserk, Trog's Hand, Brothers in Arms, Burn Spellbooks, Renounce Religion


You were on level 2 of the Orcish Mines.
You worshipped Trog.
Trog was exalted by your worship.
You were very hungry.

You visited 3 branches of the dungeon, and saw 23 of its levels.
You also visited: Ossuary and Ice Cave.

You collected 2710 gold pieces.
You spent 105 gold pieces at shops.

Inventory:

Hand Weapons
 a - a +3 broad axe of chopping (weapon)
 g - a +4 antimagic battleaxe
 z - a +0 shortbow
 B - a +3 vampiric battleaxe
Missiles
 v - 262 arrows (quivered)
Armour
 h - a +0 gold dragon armour (worn)
 s - the +0 cloak of the Vestibule of Hell (worn) {Regen+ Str+5 Int+3 Stlth-}
   (You found it on level 6 of the Lair of Beasts)

   It affects your strength (+5).
   It affects your intelligence (+3).
   It increases your rate of regeneration.
   It makes you less stealthy.
 Z - a +2 pair of boots of running (worn)
Jewellery
 e - a ring of resist corrosion (left hand)
 r - an uncursed ring of positive energy
 A - a ring of protection from magic (right hand)
 G - a +5 amulet of reflection (around neck)
 J - an uncursed ring of poison resistance
 V - an uncursed ring of protection from cold
Wands
 N - a wand of disintegration (14/24)
 P - a wand of digging (8/24)
Scrolls
 b - 2 scrolls of enchant armour
 k - a scroll of recharging
 o - 8 scrolls of blinking
 u - 5 scrolls of teleportation
 y - 2 scrolls of enchant weapon
 E - 3 scrolls of magic mapping
 O - 5 scrolls of fog
 T - 2 scrolls of remove curse
 X - 5 scrolls of identify
Potions
 d - 3 potions of flight
 i - a potion of cure mutation
 l - 3 potions of heal wounds
 n - 6 potions of might
 p - a potion of invisibility
 q - a potion of magic
 t - 5 potions of brilliance
 w - 2 potions of cancellation
 x - a potion of ambrosia
 F - 3 potions of agility
 H - 2 potions of berserk rage
 L - 4 potions of curing
 U - 2 potions of haste
Comestibles
 c - 12 bread rations
 f - 5 chunks of flesh
 j - 7 meat rations
 C - 11 royal jellies
 D - 65 fruits
 I - 2 slices of pizza
 Y - 18 beef jerkies


   Skills:
 + Level 13.4 Fighting
 * Level 16.9(16.8) Axes
 * Level 14.0(13.9) Bows
 + Level 13.1 Armour
 + Level 12.9 Dodging


You had 14 spell levels left.
You didn't know any spells.

Dungeon Overview and Level Annotations

Branches:
Dungeon (13/15)            Temple (0/1) D:4            Lair (8/8) D:8
  Swamp (0/4) Lair:5        Snake (0/4) Lair:4        Slime (0/6) Lair:7
    Orc (2/2) D:11            Elf (0/3) Orc:2        Vaults (0/5) D:13

Altars:
Ashenzari
Cheibriados
Dithmenos
Okawaru
Ru
Sif Muna
Xom
Yredelemnul

Shops:
D:9 :%*   Orc:1 *   Orc:2 %![

Annotations:
D:13 Frances
Lair:1 exclusion: oklob plant


Innate Abilities, Weirdness & Mutations

You reflexively headbutt those who attack you in melee.
You have a pair of horns on your head.


Message History

The sixfirhy barely misses you.
The sixfirhy hits you but does no damage.
The hellwing barely misses you. You furiously retaliate!
You headbutt the hellwing, but do no damage.
The hellwing hits you.
* * * LOW HITPOINT WARNING * * *
You block the sixfirhy's attack. The sixfirhy misses you.
The sixfirhy hits you.
* * * LOW HITPOINT WARNING * * *
The sixfirhy shocks you!
* * * LOW HITPOINT WARNING * * *
The sixfirhy hits you but does no damage.
The orc high priest invokes the aid of Beogh against you.
Beogh smites you!
* * * LOW HITPOINT WARNING * * *
The orc priest looks braver for a moment.
The sixfirhy hits you.
* * * LOW HITPOINT WARNING * * *
The sixfirhy shocks you!
You die...

##..........##.####........
##...############........)
##....#.#.##..#..........
##................(.#...
##....#.....#......##.. #.o.
##)##)...##...)....... #o#.
##.........#...#)...... #..o
##...................... ##.o6
##o(o..4@................ ##...
##4o###(4.......)...<).... ##.(o
##..####))......#...[))....
#.§o###o4####(............)......
..§)##oo###...........##.........
..#)#(.####.#....................
.())46####.....#.................
(#..†## #...#.####...............
....######.#### ##...............


You could see an orc knight, an orc high priest, a hellwing, an ice devil, a
sixfirhy and an orc priest.

Vanquished Creatures
  Kirke (Lair:7)
  Maud (Lair:3)
  Azrael (D:12)
  2 ice dragons (IceCv)
  Harold (D:10)
  8 hydras
  Erica (D:11)
  A catoblepas (Lair:6)
  9 death yaks
  4 orc high priests (Orc:2)
  Nergalle (Orc:1)
  An infernal demonspawn (Orc:2)
  3 orc knights (Orc:2)
  Pikel (D:4)
  3 hill giants
  4 griffons (Lair:7)
  2 ugly things
  2 manticores (Lair:7)
  4 orc sorcerers (Orc:2)
  6 elephants (Lair:3)
  2 ice statues (IceCv)
  A smoke demon (Orc:2)
  4 black mambas
  12 spiny frogs
  The ghost of barakagiga the Stinger, a novice NaVM of Sif Muna (D:4)
  A gargoyle (D:11)
  5 rime drakes
  4 komodo dragons
  7 trolls
  A hellwing (Orc:2)
  Grinder (D:6)
  A queen bee (Lair:2)
  10 polar bears
  9 blink frogs
  3 two-headed ogres
  3 slime creatures (D:12)
  Prince Ribbit (Lair:1)
  4 raiju (Lair:8)
  3 water elementals (D:11)
  Sigmund (D:3)
  46 yaks
  A fire elemental (D:12)
  3 wyverns
  3 hogs (Lair:7)
  A hungry ghost (D:10)
  Grum (D:11)
  A steam dragon (Lair:7)
  6 basilisks
  A neqoxec (Orc:2)
  20 hippogriffs
  10 vampire mosquitoes
  Edmund (D:4)
  4 nagas (Lair:4)
  5 wargs (Lair:8)
  12 porcupines
  11 hell hounds
  15 water moccasins
  26 orc warriors
  22 ice beasts
  3 sky beasts
  14 black bears
  A wasp (D:9)
  3 phantoms
  5 centaurs
  10 ogres
  22 wolves
  17 crocodiles
  An elf zombie (Ossuary)
  2 big kobolds
  24 giant frogs
  A wyvern skeleton (D:11)
  6 scorpions
  28 killer bees
  4 howler monkeys
  An electric eel (D:11)
  6 jellies
  3 crimson imps (D:6)
  A centaur zombie (Ossuary)
  A giant frog zombie (D:10)
  20 hounds
  2 giant frog skeletons (D:12)
  A human zombie (Ossuary)
  21 orc priests
  Crazy Yiuf (D:6)
  13 orc wizards
  Terence (D:3)
  2 centaur skeletons
  7 iguanas
  8 worker ants
  A killer bee zombie (D:8)
  16 sheep
  A big kobold zombie (Ossuary)
  2 human simulacra (D:10)
  2 mummies (Ossuary)
  9 adders
  26 river rats
  3 shadow imps
  12 white imps (Lair:8)
  18 oozes
  An adder zombie (Ossuary)
  2 adder skeletons
  3 dart slugs
  4 giant geckos
  70 orcs
  4 giant cockroaches
  6 goblins
  5 hobgoblins
  18 jackals
  4 quokkas
  7 bats
  A giant cockroach zombie (D:5)
  A giant gecko skeleton (D:5)
  A giant gecko zombie (D:5)
  2 giant newts
  10 hobgoblin zombies (Ossuary)
  A jackal skeleton (D:4)
  3 jackal zombies (Ossuary)
  12 kobolds
  9 kobold zombies (Ossuary)
  8 orc zombies (Ossuary)
  6 rats
  2 rat zombies (Ossuary)
  24 fungi
  12 plants
854 creatures vanquished.

Vanquished Creatures (others)
  An adder (D:4)
  A giant gecko (D:4)
  17 fungi
  33 plants
52 creatures vanquished.

Grand Total: 906 creatures vanquished

Notes
Turn   | Place    | Note
--------------------------------------------------------------
     0 | D:1      | nikopol the Minotaur Berserker began the quest for the Orb.
     0 | D:1      | Reached XP level 1. HP: 19/19 MP: 0/0
   139 | D:1      | Reached XP level 2. HP: 10/27 MP: 1/1
   959 | D:2      | Reached skill level 4 in Axes
   993 | D:2      | Found a shattered altar of Ashenzari.
   997 | D:2      | Saw a vision of the Swamp and the Snake Pit.
   997 | D:2      | Noticed an alligator
   997 | D:2      | Noticed a giant frog
   997 | D:2      | Noticed an alligator
   997 | D:2      | Noticed an alligator
   997 | D:2      | Noticed a giant frog
   997 | D:2      | Noticed a black mamba
   997 | D:2      | Noticed a black mamba
   997 | D:2      | Noticed a shock serpent
   997 | D:2      | Noticed a shock serpent
   997 | D:2      | Noticed a naga mage
   997 | D:2      | Noticed a naga mage
   998 | D:2      | Noticed an alligator
   998 | D:2      | Noticed a naga warrior
   998 | D:2      | Noticed a mana viper
  1010 | D:2      | Reached XP level 3. HP: 31/33 MP: 2/2
  1061 | D:2      | Reached ** piety under Trog
  1095 | D:2      | Found a deep blue altar of Sif Muna.
  1099 | D:2      | Found an iron altar of Okawaru.
  1099 | D:2      | Found a sacrificial altar of Ru.
  1099 | D:2      | Found a shadowy altar of Dithmenos.
  1713 | D:3      | Reached XP level 4. HP: 35/41 MP: 3/3
  1721 | D:3      | Noticed Sigmund
  1727 | D:3      | Killed Sigmund
  1727 | D:3      | Reached skill level 5 in Fighting
  1727 | D:3      | Reached XP level 5. HP: 43/48 MP: 4/4
  1855 | D:3      | Noticed Terence
  1862 | D:3      | Killed Terence
  1862 | D:3      | Reached skill level 5 in Axes
  2267 | D:4      | Noticed Pikel
  2267 | D:4      | Noticed a slave
  2267 | D:4      | Noticed a slave
  2267 | D:4      | Noticed a slave
  2268 | D:4      | Noticed a slave
  2280 | D:4      | Killed Pikel
  2280 | D:4      | Reached skill level 6 in Axes
  2280 | D:4      | Reached skill level 5 in Armour
  2280 | D:4      | Reached XP level 6. HP: 44/57 MP: 5/5
  2280 | D:4      | Reached XP level 7. HP: 49/63 MP: 6/6
  2375 | D:4      | Found a staircase to the Ecumenical Temple.
  2480 | D:4      | Noticed barakagiga's ghost (novice NaVM)
  2496 | D:4      | Killed barakagiga's ghost
  2496 | D:4      | Reached skill level 5 in Dodging
  2496 | D:4      | Reached XP level 8. HP: 41/71 MP: 7/7
  2884 | D:4      | Found a sand-covered staircase.
  2889 | Ossuary  | Entered an ossuary
  3027 | Ossuary  | Reached skill level 7 in Axes
  3283 | D:4      | Noticed Edmund
  3305 | D:4      | Killed Edmund
  3795 | D:5      | Entered Level 5 of the Dungeon
  4008 | D:5      | Reached *** piety under Trog
  4691 | D:6      | Noticed Grinder
  4692 | D:6      | Reached XP level 9. HP: 80/81 MP: 8/8
  4696 | D:6      | Paralysed by Grinder for 4 turns
  4711 | D:6      | Killed Grinder
  4711 | D:6      | Reached skill level 8 in Axes
  4909 | D:6      | Noticed Crazy Yiuf
  4950 | D:6      | Killed Crazy Yiuf
  5709 | D:7      | Found a sacrificial altar of Ru.
  5722 | D:7      | Reached **** piety under Trog
  6326 | D:8      | Reached skill level 1 in Bows
  6484 | D:8      | Reached skill level 9 in Axes
  6880 | D:8      | Found a staircase to the Lair.
  7052 | D:8      | Reached XP level 10. HP: 81/91 MP: 9/9
  7184 | Lair:1   | Entered Level 1 of the Lair of Beasts
  7470 | Lair:1   | Noticed a spiny frog
  7477 | Lair:1   | Killed a spiny frog
  7701 | Lair:1   | Noticed Prince Ribbit
  7709 | Lair:1   | Reached skill level 10 in Axes
  7713 | Lair:1   | Killed Prince Ribbit
  7716 | Lair:1   | Reached ***** piety under Trog
  7782 | Lair:1   | Reached skill level 5 in Bows
  8228 | Lair:1   | Noticed an oklob plant
  8803 | Lair:1   | Noticed a spiny frog
  8815 | Lair:1   | Killed a spiny frog
  9578 | Lair:1   | Noticed a black mamba
  9587 | Lair:1   | Killed a black mamba
  9587 | Lair:1   | Reached skill level 11 in Axes
  9587 | Lair:1   | Reached XP level 11. HP: 95/99 MP: 10/10
  9780 | Lair:2   | Received a gift from Trog
  9878 | Lair:2   | Reached skill level 10 in Fighting
 10563 | Lair:2   | Noticed a five-headed hydra
 10567 | Lair:2   | Killed a six-headed hydra
 10567 | Lair:2   | Received a gift from Trog
 11649 | Lair:2   | Reached skill level 10 in Armour
 11720 | Lair:2   | Reached skill level 12 in Axes
 12368 | Lair:3   | Reached XP level 12. HP: 50/108 MP: 11/11
 12619 | Lair:3   | Noticed a five-headed hydra
 12628 | Lair:3   | Killed a three-headed hydra
 12628 | Lair:3   | Reached skill level 10 in Dodging
 12877 | Lair:3   | Got a warped platinum ring
 13039 | Lair:3   | Noticed Maud
 13067 | Lair:3   | Killed Maud
 13067 | Lair:3   | Reached skill level 13 in Axes
 13085 | Lair:3   | Identified the ring "Zyiral" {rCorr *Confuse rC- rN+ Str+8} (You found it on level 3 of the Lair of Beasts)
 13423 | Lair:3   | Received a gift from Trog
 13766 | Lair:4   | Noticed a death yak
 13767 | Lair:4   | Noticed a death yak
 13767 | Lair:4   | Noticed a death yak
 13767 | Lair:4   | Noticed a death yak
 13768 | Lair:4   | Noticed a death yak
 13769 | Lair:4   | Noticed a death yak
 13784 | Lair:3   | Killed a death yak
 13792 | Lair:3   | Killed a death yak
 14088 | Lair:4   | Killed a death yak
 14090 | Lair:4   | Killed a death yak
 14093 | Lair:4   | Killed a death yak
 14094 | Lair:4   | Killed a death yak
 14094 | Lair:4   | Reached skill level 10 in Bows
 14425 | Lair:4   | Found a staircase to the Snake Pit.
 14689 | Lair:4   | Received a gift from Trog
 15173 | Lair:5   | Found a staircase to the Swamp.
 15209 | Lair:5   | Received a gift from Trog
 15539 | Lair:5   | Reached XP level 13. HP: 113/116 MP: 12/12
 15591 | Lair:5   | Received a gift from Trog
 15858 | Lair:6   | Reached skill level 14 in Axes
 15862 | Lair:6   | Got a transparent cloak
 15873 | Lair:6   | Identified the +0 cloak of the Vestibule of Hell {Regen+ Str+5 Int+3 Stlth-} (You found it on level 6 of the Lair of Beasts)
 16582 | Lair:7   | Noticed Kirke
 16611 | Lair:7   | Killed Kirke
 16768 | Lair:7   | Received a gift from Trog
 17177 | Lair:7   | Found a staircase to the Slime Pits.
 17538 | Lair:7   | Received a gift from Trog
 17623 | Lair:7   | HP: 5/117 [manticore/volley of spikes (21)]
 18112 | Lair:7   | Reached skill level 15 in Axes
 18349 | Lair:8   | Entered Level 8 of the Lair of Beasts
 18530 | Lair:8   | Found a frozen archway.
 18538 | Lair:8   | Found a basalt altar of Yredelemnul.
 18544 | IceCv    | Entered an ice cave
 18667 | IceCv    | Received a gift from Trog
 18810 | IceCv    | Reached ****** piety under Trog
 19019 | IceCv    | Reached XP level 14. HP: 21/127 MP: 13/13
 20235 | Lair:8   | Received a gift from Trog
 20324 | Lair:8   | Identified a +2 pair of boots of running (You found it on level 8 of the Lair of Beasts)
 20419 | Lair:8   | Received a gift from Trog
 21214 | D:9      | Found Sogul's Book Shop.
 21254 | D:9      | Found Yxtiefak's Food Shop.
 21341 | D:9      | Found a shimmering altar of Xom.
 21341 | D:9      | Found a snail-covered altar of Cheibriados.
 21342 | D:9      | Found a basalt altar of Yredelemnul.
 21747 | D:9      | Found Cywosaof's Assorted Antiques.
 21765 | D:9      | Bought a potion of heal wounds for 105 gold pieces
 21971 | D:10     | Entered Level 10 of the Dungeon
 22250 | D:10     | Reached skill level 16 in Axes
 22281 | D:10     | Noticed Harold
 22294 | D:10     | Killed Harold
 23066 | D:11     | You fall through a shaft for 2 floors!
 23115 | D:13     | Found a gate to the Vaults.
 23116 | D:13     | Noticed Frances
 23131 | D:12     | Noticed Azrael
 23149 | D:12     | Killed Azrael
 23214 | D:12     | Received a gift from Trog
 23280 | D:12     | Identified a scroll of acquirement
 23283 | D:12     | Got a jewelled plate armour
 23294 | D:12     | Identified the +5 plate armour of the Tundras {Dex+4} (You acquired it on level 12 of the Dungeon)
 23512 | D:12     | Got a polished hand crossbow
 23513 | D:12     | Identified the +10 hand crossbow "Umutzac" {venom, rC+} (You found it on level 12 of the Dungeon)
 23960 | D:11     | Noticed Erica
 23967 | D:11     | Killed Erica
 24078 | D:11     | Received a gift from Trog
 24086 | D:11     | Noticed Grum
 24092 | D:11     | Killed Grum
 24120 | D:11     | Found a staircase to the Orcish Mines.
 24165 | D:11     | Reached XP level 15. HP: 125/136 MP: 12/14
 24536 | Orc:1    | Entered Level 1 of the Orcish Mines
 24832 | Orc:2    | Entered Level 2 of the Orcish Mines
 24884 | Orc:2    | Found a staircase to the Elven Halls.
 25010 | Orc:1    | Found Xearchor's General Store.
 25040 | Orc:1    | Noticed Nergalle
 25059 | Orc:1    | Killed Nergalle
 25799 | Orc:2    | Received a gift from Trog
 25889 | Orc:2    | Found Hest's Distillery.
 25920 | Orc:2    | Found Kusosch's Food Emporium.
 25990 | Orc:2    | Found Hysihel's Antique Armour Shoppe.
 26001 | Orc:2    | Found an iron altar of Okawaru.
 26079 | Orc:2    | Received a gift from Trog
 26094 | Orc:2    | Slain by a sixfirhy

Skill      XL: |  1  2  3  4  5  6  7  8  9 10 11 12 13 14 15 |
---------------+----------------------------------------------+-----
Fighting       | 4 5 6 7 9 10 11 12 13 | 13.4
Axes           | 4 6 7 9 11 12 13 15 16 | 16.9
Armour         | 3 4 5 6 7 8 9 10 11 12 13 | 13.1
Dodging        | 3 4 5 6 7 8 9 10 11 12 | 12.9
Bows           | 3 6 8 10 12 13 14 | 14.0

Action                   |  1- 3 |  4- 6 |  7- 9 | 10-12 | 13-15 || total
-------------------------+-------+-------+-------+-------+-------++-------
Melee: Hand axe          |    34 |       |       |       |       ||    34
       Headbutt          |    13 |     3 |    70 |   130 |   244 ||   460
       War axe           |    49 |    28 |   339 |   542 |   107 ||  1065
       Unarmed           |       |       |     3 |       |       ||     3
       Broad axe         |       |       |       |       |   735 ||   735
       Shortbow          |       |       |       |       |     2 ||     2
 Fire: Shortbow          |       |       |    11 |   388 |   901 ||  1300
Invok: Berserk           |       |     2 |     2 |     7 |     7 ||    18
       Burn Spellbooks   |       |       |       |     4 |     6 ||    10
  Use: Scroll            |       |     8 |       |    11 |    19 ||    38
       Potion            |       |       |       |       |     1 ||     1
 Stab: Sleeping          |     1 |       |       |       |       ||     1
  Eat: Chunk             |     3 |     2 |    15 |    31 |    36 ||    87
       Fruit             |       |     1 |     2 |     1 |     2 ||     6
       Beef jerky        |       |       |     1 |     1 |       ||     2
Armor: Animal skin       |     8 |       |       |       |       ||     8
       Scale mail        |    21 |     5 |   142 |    15 |       ||   183
       Fire dragon armou |       |       |       |   190 |   109 ||   299
       Gold dragon armou |       |       |       |       |   417 ||   417
Dodge: Dodged            |    71 |    16 |   206 |   365 |   458 ||  1116
Block: Other             |       |       |       |       |    44 ||    44
       Reflection        |       |       |       |       |     5 ||     5
